Map: Thunderbird LE

Players

LANDAZAR - Winner!

  • Race: Zerg Zerg
  • League: Platinum
  • Spawn Location: 5:00

pHARM

  • Race: Zerg Zerg
  • League: Platinum
  • Spawn Location: 11:00

VOD

Have the link to the VOD?

Description

Time

  • Played on: Sept. 1, 2019, 6:27 p.m.
  • Length: 16:45
Show
View Real Time Build Order
Export as new Build Order

LANDAZAR Zerg - Winner!

Build Orders: Hatch First, Lurkers 

Get SALT Encoding   

  12  0:07  Overlord  
  12  0:13  Drone  
  13  0:17  Drone  
  14  0:26  Drone  
  15  0:33  Drone  
  16  0:40  Drone  
  17  0:51  Drone  
  18  1:05  Hatchery  
  17  1:11  Spawning Pool  
  17  1:14  Extractor  
  17  1:17  Drone  
  16  1:24  Drone x2  
  18  1:35  Drone  
  19  1:45  Drone  
  20  1:58  Drone  
  21  2:07  Overlord  
  21  2:16  Queen  
  21  2:20  Queen  
  25  2:26  Drone x2  
  25  2:27  Roach Warren  
  26  2:35  Drone x2  
  28  2:40  Zergling x4  
  30  3:09  Roach x3  
  30  3:10  Lair  
  36  3:14  Overlord  
  36  3:24  Pneumatized Carapace  
  36  3:31  Overlord x2  
  36  3:33  Drone x2  
  36  3:34  Hatchery  
  37  3:47  Drone x5  
  42  3:56  Roach x2  
  46  4:10  Drone x2  
  46  4:11  Drone x2  
  50  4:19  Drone x3  
  50  4:20  Drone x3  
  56  4:25  Overseer  
  56  4:31  Drone x2  
  58  4:38  Hydralisk Den  
  58  4:39  Drone  
  58  4:45  Extractor  
  57  4:46  Drone x3  
  60  4:53  Queen, Extractor  
  60  4:54  Extractor  
  60  5:04  Drone x6  
  60  5:05  Extractor  
  60  5:06  Extractor  
  64  5:07  Overlord  
  64  5:08  Overlord  
  64  5:29  Queen  
  66  5:37  Grooved Spines  
  66  5:39  Lurker Den  
  66  5:40  Zergling x16  
  66  5:41  Zergling x8  
  77  5:46  Metabolic Boost  
  77  6:02  Hydralisk  
  77  6:03  Hydralisk  
  81  6:27  Drone  
  81  6:29  Overlord x3  
  81  6:30  Overlord x2  
  82  6:59  Muscular Augments  
  82  7:00  Hydralisk x8  
  82  7:01  Evolution Chamber x2, Hydralisk x5  
  106  7:10  Drone x4  
  106  7:11  Drone  
  111  7:28  Zerg Missile Weapons Level 1  
  111  7:29  Zerg Ground Armor Level 1  
  111  7:34  Lurker x6  
  117  7:38  Lurker  
  118  7:45  Hydralisk  
  118  7:46  Hydralisk  
  118  7:49  Overseer  
  122  7:54  Overlord x3  
  122  8:16  Drone x5  
  122  8:17  Drone  
  128  8:22  Extractor  
  128  8:24  Hatchery  
  126  8:27  Extractor  
  125  8:58  Hydralisk x6  
  137  9:03  Overlord x4  
  137  9:18  Lurker  
  137  9:21  Lurker x3  
  142  9:24  Lurker x5  
  142  9:25  Lurker  
  147  9:31  Zerg Missile Weapons Level 2  
  147  9:33  Zerg Ground Armor Level 2  
  147  9:38  Drone x13  
  160  9:39  Drone  
  161  9:53  Drone x2  
  161  9:54  Drone  
  164  10:01  Queen  
  166  10:07  Hydralisk x3  
  166  10:08  Hydralisk x2  
  166  10:11  Overlord  
  166  10:12  Overlord  
  176  10:32  Hydralisk x3  
  176  10:33  Hydralisk x5  
  192  10:41  Queen  
  180  11:04  Hydralisk x3  
  180  11:05  Hydralisk x4  
  180  11:08  Overlord x5  
  191  11:44  Queen  
  193  11:49  Overseer x2  
  193  11:52  Hydralisk x2  
  193  11:53  Hydralisk  
  199  12:06  Infestation Pit  
  198  12:20  Queen  
  199  12:32  Hatchery  
  199  12:35  Extractor  
  199  12:36  Extractor  
  188  12:49  Hydralisk x6  
  188  12:50  Hydralisk  
  169  13:05  Hydralisk  
  169  13:06  Hydralisk x8  
  169  13:07  Hydralisk x8  
  169  13:08  Hydralisk  
  154  13:59  Hydralisk x5  
  154  14:00  Hydralisk x6  
  176  14:04  Hive  
  176  14:08  Drone x4  
  180  14:21  Queen  
  182  14:26  Hydralisk x4  
  184  14:56  Hydralisk x2  
  184  14:57  Hydralisk x5, Queen  
  194  15:28  Burrow  
  191  15:32  Queen  
  189  15:42  Hydralisk x6  
  181  15:43  Hydralisk x5  
  181  16:09  Hydralisk x4  
  181  16:10  Hydralisk x6  
Show
View Real Time Build Order
Export as new Build Order

pHARM Zerg 

Build Orders: Hatch First, Brood Lord Corruptor, Roach Hydra 

Get SALT Encoding   

  12  0:01  Drone  
  13  0:13  Overlord  
  13  0:19  Drone  
  14  0:32  Drone x2  
  16  0:52  Drone  
  16  0:56  Drone  
  16  0:57  Hatchery  
  17  1:07  Drone  
  18  1:22  Spawning Pool  
  18  1:23  Drone x2  
  19  1:35  Drone  
  20  1:41  Drone  
  20  1:44  Extractor  
  20  1:51  Overlord  
  20  2:09  Queen x2  
  20  2:11  Drone x2  
  26  2:23  Drone x3  
  29  2:34  Drone  
  29  2:36  Overlord  
  30  2:49  Drone x2  
  30  2:50  Queen  
  34  2:53  Queen  
  34  2:57  Metabolic Boost  
  36  3:00  Drone x2  
  38  3:06  Zergling x2  
  38  3:07  Zergling x2  
  40  3:14  Drone  
  42  3:20  Drone x3  
  42  3:21  Overlord x2  
  42  3:22  Overlord  
  44  3:34  Evolution Chamber  
  44  3:36  Drone  
  44  3:37  Drone, Baneling Nest  
  44  3:39  Roach Warren  
  43  3:44  Drone x3  
  46  3:52  Drone x6  
  52  3:58  Lair  
  52  4:08  Extractor  
  52  4:09  Extractor  
  48  4:33  Drone x9  
  48  4:36  Hatchery  
  56  4:41  Zerg Missile Weapons Level 1  
  56  4:59  Roach x5  
  66  5:06  Pneumatized Carapace  
  66  5:22  Roach  
  66  5:23  Overlord x3  
  68  5:38  Extractor  
  68  5:40  Extractor  
  68  5:41  Drone  
  68  5:42  Hydralisk Den  
  66  5:51  Evolution Chamber  
  66  5:52  Drone  
  66  5:55  Overlord x2  
  66  5:56  Roach x7  
  80  5:59  Glial Reconstitution  
  80  6:07  Drone x3  
  80  6:09  Drone x5  
  88  6:28  Zerg Ground Armor Level 1  
  88  6:34  Extractor  
  88  6:37  Infestation Pit  
  88  6:38  Grooved Spines  
  86  6:42  Drone  
  87  6:57  Roach  
  87  6:58  Roach x8  
  105  7:01  Overlord x2  
  105  7:02  Overlord  
  105  7:05  Zerg Missile Weapons Level 2  
  105  7:20  Drone x7  
  112  7:29  Overlord  
  112  7:30  Overlord x2  
  112  7:37  Drone x2  
  112  7:38  Drone  
  115  7:44  Hydralisk  
  115  7:45  Hydralisk x4  
  115  7:50  Muscular Augments  
  125  7:52  Hatchery  
  124  8:05  Hydralisk  
  124  8:06  Hydralisk x12  
  150  8:15  Hive  
  150  8:21  Spire  
  149  8:27  Roach x2  
  149  8:31  Overseer x4  
  153  8:37  Overlord x6  
  153  8:54  Overlord x5  
  153  9:13  Roach x12  
  153  9:14  Roach  
  179  9:32  Zerg Melee Weapons Level 1, Zerg Missile Weapons Level 3  
  179  9:37  Greater Spire  
  179  9:58  Hydralisk  
  179  9:59  Hydralisk x7  
  195  10:00  Hydralisk  
  195  10:06  Drone  
  200  10:07  Drone x2  
  168  10:51  Corruptor x7  
  168  10:52  Corruptor  
  164  11:12  Roach  
  164  11:13  Roach x14  
  194  11:22  Extractor x2  
  192  11:26  Zerg Ground Armor Level 2  
  192  11:27  Brood Lord  
  192  11:31  Brood Lord  
  196  12:03  Brood Lord x2  
  192  12:35  Roach x3  
  192  12:36  Brood Lord  
  188  12:37  Brood Lord x3  
  186  13:01  Roach x11  
  186  13:02  Roach x5  
  186  13:03  Roach x5  
  186  13:04  Roach x9  
  186  13:05  Roach x2  
  198  13:06  Roach  
  198  13:07  Roach x4  
  198  13:08  Roach x2  
  198  13:10  Roach  
  198  13:11  Roach  
  184  13:15  Roach x2  
  184  13:16  Roach x2  
  176  13:22  Roach x5  
  174  13:38  Roach x6  
  174  13:39  Roach x5  
  174  13:41  Corruptor  
  178  14:07  Extractor  
  177  14:19  Corruptor x6  
  191  14:34  Hatchery  
  148  14:53  Brood Lord  
  148  14:54  Brood Lord  
  148  14:55  Brood Lord  
  148  14:57  Roach  
  148  14:58  Roach x8  
  156  15:23  Ravager x2  
  147  15:44  Corruptor x7  
  147  15:47  Overseer  
  128  16:17  Brood Lord x3  
  134  16:21  Overseer  
Tags
 
Add a new tag
Caveats
  • Supply blocks, unpowered buildings, or Contaminate may cause inaccurate times.
  • Supply counts are checked every 10 seconds.